 Dungeon Sprint DCSS version 0.31-a0-765-g67fe2935dc (webtiles) character file.

Game seed: 11538146180952534559

2700000 sentinel the Eviscerator (level 13, -5/69 HPs)
             Began as a Felid Warper on Sept 15, 2023.
             Was a Follower of Makhleb.
             Slain by a bag of meat
             ... wielding a +9 war axe
              (31 damage)
             ... in the Dungeon (Sprint VIII: "Arena of Blood").
             The game lasted 00:00:42 (27 turns).

sentinel the Eviscerator (Felid Warper)               Turns: 27, Time: 00:00:43

Health: -5/69      AC:  3    Str:  7    XL:     13   Next: 40%
Magic:  32/32      EV: 31    Int: 19    God:    Makhleb [*.....]
Gold:   0          SH:  0    Dex: 16    Spells: 40/40 levels left
                                        Lives:  0   Deaths: 4

rFire   . .          .
                       - Unarmed
rCold   + . .        (shield unavailable)
rNeg    . . .        (body armour unavailable)
rPois   .            (helmet unavailable)
rElec   .            (cloak unavailable)
rCorr   .            (gloves unavailable)
SInv    +            (boots unavailable)
Will    +....        (no amulet)
Stlth   +            a - +27000 ring of slaying
HPRegen 0.31/turn    (no ring)
MPRegen 0.23/turn

%: no teleportation
@: quick
A: very small, claws 1, fangs 3, see invisible, speed 1, shaggy fur 3, stealthy
paws, no weapons or thrown items, no armour, multi-lived
a: Renounce Religion


You were in the Dungeon.
You worshipped Makhleb.
Makhleb was aware of your devotion.
You visited 1 branch

Inventory:

Jewellery
 a - a +27000 ring of slaying (left paw)
Scrolls
 z - 2 scrolls of blinking
Potions
 e - 2 potions of magic
 f - a potion of berserk rage
 h - a potion of haste
 q - a potion of curing
 w - a potion of heal wounds


   Skills:
 + Level 15.5 Fighting
 + Level 19.8 Dodging
 * Level 21.2 Unarmed Combat
 + Level 14.0 Spellcasting
 + Level 21.0 Translocations


You had 40 spell levels left.
You didn't know any spells.
Your spell library contained the following spells:

 Spells                   Type           Power      Damage    Failure   Level
 Blink                    Tloc           100%       N/A       0%          2
 Lesser Beckoning         Tloc           100%       N/A       0%          2
 Teleport Other           Tloc           75%        N/A       0%          3
 Manifold Assault         Tloc           75%        N/A       0%          4
 Vhi's Electric Charge    Tloc/Air       100%       N/A       1%          4


Dungeon Overview and Level Annotations

Branches:
Dungeon (1/1) Zot: 27000

Altars:
Makhleb


Innate Abilities, Weirdness & Mutations

You have sharp claws.
You have razor-sharp teeth.
You have supernaturally acute eyesight. (SInv)
You cover ground quickly. (Speed+)
Your thick and shaggy fur keeps you warm. (AC +3, rC+)
Your paws help you pounce on unaware monsters.
You are incapable of wielding weapons or throwing items.
You cannot wear armour.
You gain extra lives every three experience levels.


Message History

Press < or > to pray at altars.
Unknown command.
Press < or > to pray at altars.
Unknown command.
Press < or > to pray at altars.
Memorise Manifold Assault, consuming 4 spell levels and leaving 25?
You start memorising the spell.
You continue memorising.
The bag of meat shouts!
You continue memorising. x2
The bag of meat shouts!
The meat berserker hits you with a +9 battleaxe!!!
Ouch! That really hurt!
* * * LOW HITPOINT WARNING * * *
You continue memorising.
The meat berserker appears out of thin air!
The meat berserker shouts!
The bag of meat hits you with a +9 war axe!!
Your memorisation is interrupted.
You die...
The meat berserker hits you with a +9 battleaxe!!!
You hear a shout!
You rejoin the land of the living...
A bag of meat comes into view. It is wielding a +9 war axe.
Memorise Manifold Assault, consuming 4 spell levels and leaving 25?
The meat berserker appears out of thin air!
The bag of meat shouts!
The meat berserker shouts!
You hear a shout! x2
You start memorising the spell.
You continue memorising.
The meat berserker appears out of thin air!
The bag of meat shouts! x2; You hear a shout! x3
The meat berserker rages.
You continue memorising.
The bag of meat appears out of thin air!
The bag of meat shouts! x2; You hear a shout! x3
You continue memorising. x2
The large bag of meat shouts in stereo!
The bag of meat shouts! x2
You hear a shout! x4
The bag of meat hits you with a +9 war axe!
The bag of meat hits you with a +9 war axe!!!
Ouch! That really hurt!
* * * LOW HITPOINT WARNING * * *
The meat berserker hits you with a +9 battleaxe!!!!
Ouch! That really hurt!
Your memorisation is interrupted.
You die...
The meat berserker hits you with a +9 battleaxe!!
You hear a shout! x2; The bag of meat shouts!
You rejoin the land of the living...
A meat berserker and 4 bags of meat come into view.
You catch the helpless bag of meat completely off-guard!
You eviscerate the bag of meat!!!!!!!!!!
You kill the bag of meat!
Makhleb accepts your kill.
You can now gain health from killing.
The bag of meat shouts! x4; You hear a shout! x5
A bag of meat comes into view. It is wielding a +9 war axe.
The meat berserker moves out of view.
The bag of meat moves out of view.
Your Fighting skill increases to level 12!
Your Dodging skill gained 2 levels and is now at level 16!
Your Unarmed Combat skill gained 2 levels and is now at level 17!
Your Spellcasting skill increases to level 11!
Your Translocations skill gained 2 levels and is now at level 17!
You have reached level 11!
Extra life!
You eviscerate the meat berserker!!!!!!!
You kill the meat berserker!
Makhleb accepts your kill.
You hear a shout!
A bag of meat comes into view. It is wielding a +9 war axe.
Your Fighting skill gained 2 levels and is now at level 14!
Your Dodging skill gained 2 levels and is now at level 18!
Your Unarmed Combat skill gained 3 levels and is now at level 20!
Your Spellcasting skill gained 2 levels and is now at level 13!
Your Translocations skill gained 3 levels and is now at level 20!
You have reached level 12!
Extra life!
Your thick fur grows shaggy and warm.
You have reached level 13!
You eviscerate the bag of meat!!!!!!!!!
You kill the bag of meat!
Makhleb accepts your kill.
A meat berserker comes into view. It is wielding a +9 battleaxe.
Your Fighting skill increases to level 15!
Your Dodging skill increases to level 19!
Your Unarmed Combat skill increases to level 21!
Your Spellcasting skill increases to level 14!
Your Translocations skill increases to level 21!
Unknown command.
Memorise Manifold Assault, consuming 4 spell levels and leaving 36?
You start memorising the spell.
You continue memorising.
The bag of meat shouts!
The bag of meat misses you. The bag of meat completely misses you.
You continue memorising.
The bag of meat shouts!
The bag of meat closely misses you.
You continue memorising.
The large bag of meat appears out of thin air!
The large bag of meat shouts in stereo!
You hear a shout!
The meat berserker rages.
The meat berserker barely misses you. The bag of meat completely misses you.
You continue memorising.
The bag of meat shouts!
You hear a shout!
The meat berserker hits you with a +9 battleaxe!!!
Ouch! That really hurt!
* * * LOW HITPOINT WARNING * * *
The meat berserker rages.
The meat berserker hits you with a +9 battleaxe!!!
Ouch! That really hurt!
Your memorisation is interrupted.
You die...
You hear a shout! x2
You rejoin the land of the living... 4 bags of meat, 3 meat berserkers and a large bag of meat come into view.
Memorise Manifold Assault, consuming 4 spell levels and leaving 36?
The meat berserker shouts!
The bag of meat shouts! x3
The meat berserker shouts!
You hear a shout! x7
The bag of meat barely misses you.
The bag of meat hits you with a +9 war axe!!
The meat berserker rages.
The bag of meat moves out of view.
You hear a shout!
You start memorising the spell.
You continue memorising.
The bag of meat shouts!
The meat berserker rages.
The bag of meat hits you with a +9 war axe!!
* * * LOW HITPOINT WARNING * * *
The bag of meat hits you with a +9 war axe!
Your memorisation is interrupted.
You die...
A bag of meat comes into view. It is wielding a +9 war axe. x2
The meat berserker rages.
You rejoin the land of the living...
A meat berserker, 6 bags of meat, a large bag of meat and 2 destroyers come into view.
A destroyer is wielding a +9 heavy great sword.
A destroyer is wielding a +9 heavy great sword.
Memorise Manifold Assault, consuming 4 spell levels and leaving 36?
The large bag of meat appears out of thin air!
The bag of meat shouts! x2; The meat berserker shouts!
The bag of meat shouts! x3
The large bag of meat shouts in stereo!
The destroyer shouts!
The large bag of meat shouts in stereo!
You hear a shout! x7
The destroyer gestures at you while chanting.
The destroyer blinks!
The bag of meat closely misses you.
The meat berserker rages. x2
The destroyer gestures at you while chanting.
The destroyer blinks!
The bag of meat shouts! x2; You hear two shouts!
You start memorising the spell.
You continue memorising.
You hear a shout!
The destroyer hits you with a +9 heavy great sword!!
The destroyer bites you!
The destroyer draws strength from your injuries!
The bag of meat hits you with a +9 war axe!!
You die... ...OO.V_.†....... o.O...###.........#.#o#. o###... ...###O....o.... oO†#..o....#...O......o. oOO#.

oo...#.. ....o..
oooOoo.............Oo
..o.ooo.O..O.Oo#o.O#
..........O..O#.O..#
....... #.o@V.#
..#.....
#...o.V#.o..# ..
...... #...###o. .#.
...... O.# ..... o..
..### .... . .### ##


You could see 2 destroyers, 4 large bags of meat, 6 meat berserkers and 12 bags
of meat.

Vanquished Creatures
  An ogre (D)
  3 orcs (D)
4 creatures vanquished.

Notes
Turn   | Place    | Note
-------+----------+-------------------------------------------
     0 | D        | sentinel the Felid Warper began the quest for the Orb.
     0 | D        | Reached XP level 1. HP: 9/9 MP: 4/4
     3 | D        | Became a worshipper of Makhleb the Destroyer
     3 | D        | Noticed a bag of meat
     3 | D        | Noticed a bag of meat
     4 | D        | Noticed a bag of meat
     4 | D        | Noticed a bag of meat
     5 | D        | Killed a bag of meat
     6 | D        | Reached skill level 15 in Unarmed Combat
     6 | D        | Reached skill level 10 in Spellcasting
     6 | D        | Reached skill level 15 in Translocations
     6 | D        | Reached XP level 2. HP: 22/22 MP: 4/14
     6 | D        | Reached XP level 3. HP: 25/25 MP: 4/15
     6 | D        | Reached XP level 4. HP: 30/30 MP: 4/17
     6 | D        | Reached XP level 5. HP: 33/33 MP: 4/18
     6 | D        | Gained mutation: You are covered in thick fur. (AC +2)
                  | [Felid growth]
     6 | D        | Reached XP level 6. HP: 37/37 MP: 4/20
     6 | D        | Reached XP level 7. HP: 40/40 MP: 4/21
     6 | D        | Reached XP level 8. HP: 45/45 MP: 4/23
     6 | D        | Reached XP level 9. HP: 48/48 MP: 4/24
     6 | D        | Reached XP level 10. HP: 52/52 MP: 4/25
     6 | D        | Noticed a bag of meat
     6 | D        | Noticed a bag of meat
     8 | D        | Noticed a meat berserker
     8 | D        | Noticed a bag of meat
     8 | D        | Noticed a bag of meat
    10 | D        | Noticed a meat berserker
    10 | D        | Mangled by a bag of meat
    11 | D        | Noticed a bag of meat
    11 | D        | Noticed a meat berserker
    11 | D        | Noticed a meat berserker
    11 | D        | Noticed a bag of meat
    11 | D        | Noticed a bag of meat
    11 | D        | Noticed a bag of meat
    12 | D        | Noticed a meat berserker
    12 | D        | Noticed a bag of meat
    12 | D        | Noticed a bag of meat
    12 | D        | Noticed a bag of meat
    12 | D        | Noticed a bag of meat
    12 | D        | Noticed a meat berserker
    13 | D        | Noticed a meat berserker
    13 | D        | Noticed a bag of meat
    14 | D        | Noticed a meat berserker
    14 | D        | Noticed a bag of meat
    14 | D        | Noticed a bag of meat
    14 | D        | Noticed a large bag of meat
    14 | D        | Noticed a bag of meat
    14 | D        | Noticed a meat berserker
    15 | D        | Noticed a bag of meat
    15 | D        | Noticed a bag of meat
    15 | D        | Noticed a bag of meat
    15 | D        | Noticed a large bag of meat
    15 | D        | Noticed a bag of meat
    15 | D        | Noticed a bag of meat
    15 | D        | Annihilated by a meat berserker
    16 | D        | Noticed a meat berserker
    16 | D        | Noticed a bag of meat
    16 | D        | Noticed a bag of meat
    16 | D        | Noticed a bag of meat
    16 | D        | Noticed a bag of meat
    16 | D        | Killed a bag of meat
    16 | D        | Reached * piety under Makhleb
    16 | D        | Noticed a bag of meat
    17 | D        | Reached XP level 11. HP: 58/58 MP: 25/27
    17 | D        | Killed a meat berserker
    17 | D        | Noticed a bag of meat
    18 | D        | Gained mutation: Your thick and shaggy fur keeps you warm.
                  | (AC +3, rC+) [Felid growth]
    18 | D        | Reached XP level 12. HP: 64/64 MP: 26/30
    18 | D        | Reached XP level 13. HP: 68/68 MP: 26/31
    18 | D        | Killed a bag of meat
    18 | D        | Noticed a meat berserker
    19 | D        | Reached skill level 15 in Fighting
    19 | D        | Noticed a meat berserker
    19 | D        | Noticed a bag of meat
    20 | D        | Noticed a large bag of meat
    20 | D        | Noticed a bag of meat
    20 | D        | Noticed a meat berserker
    21 | D        | Noticed a bag of meat
    22 | D        | Noticed a large bag of meat
    22 | D        | Noticed a bag of meat
    22 | D        | Noticed a bag of meat
    23 | D        | Annihilated by a meat berserker
    24 | D        | Noticed a meat berserker
    24 | D        | Noticed a bag of meat
    24 | D        | Noticed a bag of meat
    24 | D        | Noticed a bag of meat
    24 | D        | Noticed a bag of meat
    24 | D        | Noticed a meat berserker
    24 | D        | Noticed a meat berserker
    24 | D        | Noticed a large bag of meat
    24 | D        | Noticed a meat berserker
    24 | D        | Noticed a bag of meat
    24 | D        | Noticed a large bag of meat
    24 | D        | Noticed a bag of meat
    24 | D        | Noticed a meat berserker
    24 | D        | Noticed a meat berserker
    24 | D        | Noticed a meat berserker
    24 | D        | Noticed a bag of meat
    24 | D        | Noticed a meat berserker
    24 | D        | Noticed a destroyer
    24 | D        | Noticed a destroyer
    25 | D        | Slain by a bag of meat
    25 | D        | Noticed a bag of meat
    25 | D        | Noticed a bag of meat
    26 | D        | Noticed a bag of meat
    26 | D        | Noticed a bag of meat
    26 | D        | Noticed a destroyer
    26 | D        | Noticed a meat berserker
    26 | D        | Noticed a bag of meat
    26 | D        | Noticed a bag of meat
    26 | D        | Noticed a bag of meat
    26 | D        | Noticed a bag of meat
    26 | D        | Noticed a large bag of meat
    26 | D        | Noticed a destroyer
    26 | D        | Noticed a large bag of meat
    26 | D        | Noticed a meat berserker
    26 | D        | Noticed a meat berserker
    26 | D        | Noticed a bag of meat
    26 | D        | Noticed a bag of meat
    26 | D        | Noticed a bag of meat
    26 | D        | Noticed a bag of meat
    26 | D        | Noticed a bag of meat
    26 | D        | Noticed a meat berserker
    27 | D        | Noticed a bag of meat
    27 | D        | Slain by a bag of meat

Illustrated notes

Levels and vault maps discovered:
D:        meatsprint

Skill      XL: |  1  2  3  4  5  6  7  8  9 10 11 12 13 |
---------------+----------------------------------------+-----
Fighting       | 11 12 14 15 | 15.5
Dodging        | 14 16 18 19 | 19.8
Unarmed Combat | 15 17 20 21 | 21.2
Spellcasting   | 10 11 13 14 | 14.0
Translocations | 15 17 20 21 | 21.0

Action                     |  1- 3 |  4- 6 |  7- 9 | 10-12 | 13-15 || total
---------------------------+-------+-------+-------+-------+-------++-------
  Melee: Unarmed           |     1 |       |       |     2 |     1 ||     4
   Stab: Distracted        |       |       |       |     1 |       ||     1
 Armour: Skin              |       |       |       |     7 |     8 ||    15
  Dodge: Dodged            |       |       |       |       |     7 ||     7

Table legend: (Time is in decaauts)
 A = Elapsed time spent in this place.
 B = Non-inter-level travel time spent in this place.
 C = Inter-level travel time spent in this place.
 D = Time resting spent in this place.
 E = Time spent auto-exploring this place.
 F = Levels seen in this place.
 G = Mean time per level.
                   A        B        C        D        E       F      G
               +--------+--------+--------+--------+--------+-----+--------+
         Total |     25 |     25 |      0 |      0 |      0 |   1 |   25.0 |
       Dungeon |     25 |     25 |      0 |      0 |      0 |   1 |   25.0 |
               +--------+--------+--------+--------+--------+-----+--------+

Top non-repeatable levels by time:
       D: 25 daAuts
